 Dungeon Crawl Stone Soup version 0.23.2-1-ga50397a6bc (webtiles) character file.

Game seed: 8312701714168156478

67 418teapot the Chiller (level 4, 0/32 HPs)
             Began as a Merfolk Ice Elementalist on May 29, 2019.
             Slain by an adder (5 damage)
             ... on level 1 of the Dungeon.
             The game lasted 00:17:25 (2737 turns).

418teapot the Chiller (Merfolk Ice Elementalist)    Turns: 2737, Time: 00:17:26

Health: 0/32       AC:  2    Str:  9    XL:     4   Next: 16%
Magic:  6/7        EV: 13    Int: 14    God:
Gold:   62         SH:  0    Dex: 14    Spells: 6/7 levels left

rFire    . . .     SeeInvis .   e - +0 spear
rCold    . . .     Gourm    .   (no shield)
rNeg     . . .     Faith    .   a - +0 robe
rPois    .         Spirit   .   (no helmet)
rElec    .         Reflect  .   (no cloak)
rCorr    +         Harm     .   (no gloves)
MR       .....                  (no boots)
Stlth    ++........             (no amulet)
HPRegen  0.10/turn              i - ring of resist corrosion
MPRegen  0.10/turn              (no ring)

@: very slightly contaminated
A: change form in water, swift swim, stealthy swim
a: no special abilities


You were on level 1 of the Dungeon.
You were not hungry.

You visited 1 branch of the dungeon, and saw 2 of its levels.

You collected 62 gold pieces.

Inventory:

Hand Weapons
 e - a +0 spear (weapon)
Missiles
 b - 26 poisoned needles (quivered)
Armour
 a - a +0 robe (worn)
Jewellery
 i - a ring of resist corrosion (left hand)
 j - a cursed amulet of inaccuracy {unknown}
Scrolls
 d - 4 scrolls of remove curse {unknown}
 f - 2 scrolls of immolation {unknown}
 g - a scroll of fog {unknown}
 m - a scroll of identify {unknown}
Potions
 k - 2 potions of heal wounds {unknown}
 n - a potion of haste {unknown}
 o - a potion of flight {unknown}
Comestibles
 c - 4 rations


   Skills:
 + Level 1.2 Fighting
   Level 0.0 Short Blades
 * Level 2.7 Polearms
 + Level 3.1 Dodging
 + Level 2.8 Stealth
 + Level 2.3 Spellcasting
   Level 0.7 Conjurations
 + Level 3.7 Ice Magic


You had 6 spell levels left.
You knew the following spells:

 Your Spells              Type           Power        Failure   Level  Hunger
a - Freeze                Ice            ##..         4%          1    #......

Your spell library contained the following spells:

 Spells                   Type           Power        Failure   Level  Hunger
 Throw Frost              Conj/Ice       #.....       14%         2    ###....
 Ozocubu's Armour         Chrm/Ice       #.......     32%         3    ###....
 Throw Icicle             Conj/Ice       #.......     67%         4    #####..
 Summon Ice Beast         Ice/Summ       #.......     71%         4    #####..


Dungeon Overview and Level Annotations

Branches:
Dungeon (2/15)

Altars:


Message History

The adder bites you but does no damage.
You hit the adder.
The adder is almost dead.
The adder closely misses you. The adder bites you.
* * * LOW HITPOINT WARNING * * *
You barely miss the adder.
The adder is almost dead.
The adder closely misses you.
You closely miss the adder.
The adder is almost dead.
The adder barely misses you.
You closely miss the adder.
The adder is almost dead.
The adder misses you.
You closely miss the adder.
The adder is almost dead.
The adder bites you.
* * * LOW HITPOINT WARNING * * *
The adder bites you.
You die...

...# #.#.#.##.#
...# #.#.#.##.#
...########
########..รท#.#####
..........#
#................#
...######.#
#.##########.###.#
...##...#.# #.#
#........
#####...#.# #.#
#.#......
#####...#.######S#
#.#.....[
.........)......@#
#.#......
#####..........#.#
#........ #
####.......#.#
######### #
#.......### #
#.......# #
##....### # #....#
#########....#
.............#


You could see an adder.

Vanquished Creatures
  3 adders
  3 dart slugs
  2 leopard geckos
  3 giant cockroaches
  4 goblins
  2 hobgoblins
  A quokka (D:2)
  4 bats (D:2)
  3 frilled lizards
  3 kobolds
  4 rats
32 creatures vanquished.

Notes
Turn   | Place    | Note
-------+----------+-------------------------------------------
     0 | D:1      | 418teapot the Merfolk Ice Elementalist began the quest for
                  | the Orb.
     0 | D:1      | Reached XP level 1. HP: 13/13 MP: 3/3
   355 | D:1      | Reached XP level 2. HP: 18/19 MP: 5/5
   418 | D:1      | Reached skill level 1 in Polearms
  1351 | D:2      | Reached XP level 3. HP: 24/25 MP: 6/6
  1626 | D:2      | Reached skill level 1 in Fighting
  2415 | D:2      | Reached XP level 4. HP: 31/32 MP: 7/7
  2737 | D:1      | Slain by an adder

Skill      XL: |  1  2  3 |
---------------+----------+-----
Polearms       | 1 2 |  2.7
Dodging        | 3 |  3.1
Fighting       | 1 |  1.2
Stealth        | |  2.8
Spellcasting   | |  2.3
Conjurations   | |  0.7
Ice Magic      | |  3.7

Action                   |  1- 3 |  4- 6 || total
-------------------------+-------+-------++-------
Melee: Spear             |   149 |    37 ||   186
       Hand axe          |     3 |       ||     3
 Cast: Freeze            |     9 |       ||     9
  Use: Potion            |     1 |     1 ||     2
  Eat: Chunk             |     2 |     1 ||     3
       Ration            |     1 |       ||     1
Armor: Robe              |    35 |     7 ||    42
Dodge: Dodged            |    99 |    19 ||   118
